 Dungeon Crawl Stone Soup version 0.29.1-12-g30fa7ad0bf (webtiles) character file.

Game seed: 6515687431689002322

112 112233 the Conjurer (level 4, 0/19 HPs)
             Began as a Felid Conjurer on Dec 17, 2022.
             Was a Priest of Zin.
             Slain by an orc priest
             ... wielding a +0 trident
              (1 damage)
             ... on level 5 of the Dungeon.
             The game lasted 00:03:32 (4274 turns).

112233 the Conjurer (Felid Conjurer)                Turns: 4274, Time: 00:03:33

Health: 0/19       AC:  1    Str:  5    XL:     4   Next: 64%
Magic:  2/9        EV: 18    Int: 20    God:    Zin [***...]
Gold:   13         SH:  0    Dex: 14    Spells: 4/9 levels left
                                        Lives:  0   Deaths: 1

rFire   . . .      SeeInvis +   (weapon unavailable)
rCold   . . .      Faith    +   (shield unavailable)
rNeg    . . .      Spirit   .   (body armour unavailable)
rPois   .          Reflect  .   (helmet unavailable)
rElec   .          Harm     .   (cloak unavailable)
rCorr   .          Rampage  .   (gloves unavailable)
Will    +....                   (boots unavailable)
Stlth   ++........              s - amulet of faith
HPRegen 0.06/turn               f - +4 ring of slaying
MPRegen 0.11/turn               d - ring of willpower

@: quick
A: very small, claws 1, fangs 3, see invisible, speed 1, shaggy fur 1, stealthy
paws, no weapons or thrown items, no armour, multi-lived
a: Renounce Religion, Recite, Vitalisation, Imprison, Donate Gold


You were on level 5 of the Dungeon.
You worshipped Zin.
Zin was most pleased with you.
You visited 1 branch of the dungeon, and saw 6 of its levels.

You collected 160 gold pieces.
You spent 131 gold pieces at shops.
You donated 16 gold pieces to Zin.

Inventory:

Jewellery
 d - a ring of willpower (right paw)
 f - a +4 ring of slaying (left paw)
 g - a ring of flight
 m - a ring of fire
 s - an amulet of faith (around neck)
Scrolls
 b - 4 scrolls of noise {unknown}
 c - 2 scrolls of teleportation {unknown}
 h - 2 scrolls of identify {unknown}
 i - a scroll of vulnerability {unknown}
 j - a scroll of butterflies {unknown}
 l - 3 scrolls of brand weapon {unknown}
 n - a scroll of enchant armour {unknown}
 q - a scroll of amnesia {unknown}
 r - 2 scrolls of fear {unknown}
 v - a scroll of blinking {unknown}
Potions
 a - a potion of magic
 e - 3 potions of curing {unknown}
 k - a potion of lignification {unknown}
 o - a potion of haste {unknown}
 p - a potion of resistance {unknown}
 t - a potion of brilliance {unknown}
 u - 2 potions of flight {unknown}


   Skills:
 + Level 1.9 Fighting
 + Level 4.0 Dodging
 - Level 2.7 Stealth
 + Level 3.3 Spellcasting
 + Level 4.8 Conjurations


You had 4 spell levels left.
You knew the following spells:

 Your Spells              Type           Power      Damage    Failure   Level
a - Magic Dart            Conj           88%        1d7       1%          1
b - Searing Ray           Conj           44%        2d6       3%          2
c - Blink                 Tloc           6%         N/A       22%         2

Your spell library contained the following spells:

 Spells                   Type           Power      Damage    Failure   Level
 Shock                    Conj/Air       48%        1d6       5%          1
 Dazzling Flash           Conj/Hex       24%        N/A       16%         3
 Gell's Gravitas          Tloc           3%         N/A       38%         3
 Ozocubu's Armour         Ice            3%         N/A       38%         3
 Swiftness                Air            3%         N/A       38%         3
 Fulminant Prism          Conj/Hex       6%         3d7       45%         4
 Iskenderun's Mystic Bla  Conj/Tloc      12%        2d5       45%         4
 Airstrike                Air            1%         2d(1-17)  80%         4
 Animate Dead             Necr           3%         N/A       80%         4
 Borgnjor's Vile Clutch   Necr/Erth      1%         N/A       98%         5
 Metabolic Englaciation   Hex/Ice        1%         N/A       98%         5
 Summon Forest            Summ/Tloc      1%         N/A       98%         5
 Death Channel            Necr           1%         N/A       100%        6
 Simulacrum               Ice/Necr       1%         N/A       100%        6
 Malign Gateway           Summ/Tloc      1%         N/A       100%        7


Dungeon Overview and Level Annotations

Branches:
Dungeon (6/15)
 Temple: D:4-7

Altars:
Fedhas
Gozag
Hepliaklqana
Kikubaaqudgha
Sif Muna
Zin

Shops:
D:1 =   D:6 *

Annotations:
D:1 exclusion: downstairs
D:6 exclusion: upstairs


Innate Abilities, Weirdness & Mutations

You have sharp claws.
You have razor-sharp teeth.
You have supernaturally acute eyesight. (SInv)
You cover ground quickly. (Speed+)
You are covered in fur. (AC +1)
Your paws help you pounce on unaware monsters.
You are incapable of wielding weapons or throwing items.
You cannot wear armour.
You gain extra lives every three experience levels.


Message History

Press: ? - help, Shift-Dir - straight line, f - orc
Aim: an orc, wielding a +0 hand axe (100% to hit)
The magic dart hits the orc.
The orc is severely wounded.
The orc hits you with a +0 hand axe.
The orc priest hits you from afar with a +0 trident.
Casting: Magic Dart (safe; 1% risk of failure)
Confirm with . or Enter, or press ? or * to list all spells.
Aiming: Searing Ray (safe; 3% risk of failure)
Press: ? - help, Shift-Dir - straight line, f/p - orc
Aim: an orc, wielding a +0 hand axe (severely wounded, 78% to hit)
The searing ray hits the orc!
You kill the orc! (Press . to maintain the ray.)
The orc priest hits you from afar with a +0 trident!
* * * LOW HITPOINT WARNING * * *
The orc hits you with a +0 flail. Zin protects you from harm!
Casting: Searing Ray (safe; 3% risk of failure)
Confirm with . or Enter, or press ? or * to list all spells.
Restarting spell: Searing Ray (safe; 3% risk of failure)
Press: ? - help, Shift-Dir - straight line, f - orc
Aim: an orc, wielding a +0 flail and wearing a +0 leather armour (78% to hit)
The searing ray hits the orc!
You kill the orc! (Press . to maintain the ray.)
The orc priest invokes the aid of Beogh against you.
Beogh smites you! Zin protects you from harm!
Unknown command.
Unknown command.
Casting: Searing Ray (safe; 3% risk of failure)
Confirm with . or Enter, or press ? or * to list all spells.
Aiming: Magic Dart (safe; 1% risk of failure)
Press: ? - help, Shift-Dir - straight line, f - orc priest
Aim: an orc priest, wielding a +0 trident and wearing a +0 leather armour (100% to hit)
The magic dart hits the orc priest!
The orc priest is heavily wounded.
The orc priest hits you from afar with a +0 trident.
You die...

..# o.############
)........)...##
........>)@...#
........##.....#
##........ o.....#
##.S......o......##
##..o.............#
###h......###########
#.......### ...>...##
.......##


You could see an orc priest.

Vanquished Creatures
  Natasha (thrice) (D:2)
  3 adders
  3 gnolls (D:2)
  A worm (D:2)
  2 dart slugs (D:3)
  4 orcs
  6 ball pythons
  9 endoplasms
  4 giant cockroaches
  2 goblins (D:1)
  5 hobgoblins
  7 jackals
  5 quokkas
  2 bats
  4 frilled lizards (D:1)
  3 kobolds
  7 rats
70 creatures vanquished.

Notes
Turn   | Place    | Note
-------+----------+-------------------------------------------
     0 | D:1      | 112233 the Felid Conjurer began the quest for the Orb.
     0 | D:1      | Reached XP level 1. HP: 7/7 MP: 4/4
   192 | D:1      | Got the Vademecum on the Tesseract
   453 | D:1      | Reached XP level 2. HP: 11/11 MP: 3/6
  1006 | D:1      | Found a faded altar of an unknown god.
  1444 | D:1      | Prayed at the altar of an unknown god.
  1444 | D:1      | Became a worshipper of Zin the Law-Giver
  1444 | D:1      | Reached * piety under Zin
  1502 | D:1      | Reached XP level 3. HP: 14/14 MP: 4/7
  1707 | D:1      | Found Omeddag's Jewellery Boutique.
  2122 | D:2      | Reached ** piety under Zin
  2164 | D:2      | Found an ancient bone altar of Kikubaaqudgha.
  2706 | D:2      | Noticed Natasha
  2711 | D:2      | Killed Natasha
  2712 | D:2      | Reached XP level 4. HP: 18/18 MP: 3/9
  2746 | D:2      | Reached skill level 1 in Fighting
  2875 | D:2      | Noticed Natasha
  2885 | D:2      | Killed Natasha
  3101 | D:2      | Reached XP level 5. HP: 22/22 MP: 0/10
  3104 | D:2      | Learned a level 2 spell: Blink
  3107 | D:2      | Learned a level 2 spell: Searing Ray
  3435 | D:2      | Noticed Natasha
  3440 | D:2      | Killed Natasha
  3937 | D:4      | Found a shimmering blue altar of Sif Muna.
  3939 | D:4      | Found an opulent altar of Gozag.
  3978 | D:4      | Noticed a sky beast
  3987 | D:5      | Entered Level 5 of the Dungeon
  4028 | D:5      | Reached *** piety under Zin
  4097 | D:6      | Found Raleram's Assorted Antiques.
  4101 | D:5      | Noticed an ogre
  4109 | D:6      | Bought a glowing steel amulet for 95 gold pieces
  4109 | D:6      | Bought a murky puce potion for 17 gold pieces
  4109 | D:6      | Bought a scroll labelled HADALA LESULO for 19 gold pieces
  4202 | D:4      | Found a glowing silver altar of Zin.
  4202 | D:4      | Found a hazy altar of Hepliaklqana.
  4234 | D:4      | Found a blossoming altar of Fedhas.
  4256 | D:4      | Slain by a jackal
  4257 | D:4      | Reached XP level 4. HP: -1/19 MP: 2/9
  4272 | D:5      | Zin protects you from harm!
  4273 | D:5      | Zin protects you from harm!
  4274 | D:5      | Slain by an orc priest

Illustrated notes

Levels and vault maps discovered:
D:1:      dpeg_arrival_more_subterranean_lakeside_camping, layout_basic,
          serial_shops, nicolae_shop_statue_plus,
          hellmonk_ecumenical_altar_heavens_door, nrook_mini_backslash
D:2:      layout_basic, basic_altar, uniq_natasha
D:3:      layout_rooms
D:4:      cheibrodos_quashed, layout_rooms, nicolae_overflow_hidden_temple,
          gammafunk_ghost_arena, guppyfry_early_orc_mine
D:5:      layout_layer_cave, minmay_small_thing
D:6:      minmay_inner_zag, layout_cave_pools, kennysheep_ying_yang,
          serial_shops, shop, minivault_1, kennysheep_path_1,
          uniq_crazy_yiuf_cottage

Skill      XL: |  1  2  3  4 |
---------------+-------------+-----
Conjurations   | 4 |  4.8
Dodging        | 3 4 |  4.0
Fighting       | 1 |  1.9
Spellcasting   | 3 |  3.3
Stealth        | |  2.7

Action                   |  1- 3 |  4- 6 || total
-------------------------+-------+-------++-------
Melee: Unarmed           |     4 |       ||     4
       Bite              |     1 |       ||     1
 Cast: Magic Dart        |   101 |    84 ||   185
       Searing Ray       |       |     3 ||     3
Armor: Skin              |       |     2 ||     2
Dodge: Dodged            |     9 |    33 ||    42
